 Dungeon Crawl Stone Soup version 0.31-a0-188-g5e087ee2ca (webtiles) character file.

Game seed: 17837573586828422878

60 qw the Shooter (level 3, -4/20 HPs)
             Began as a Deep Elf Hunter on June 22, 2023.
             Slain by an ogre
             ... wielding a +0 giant club
              (24 damage)
             ... on level 3 of the Dungeon.
             The game lasted 00:00:36 (1985 turns).

qw the Shooter (Deep Elf Hunter)                    Turns: 1985, Time: 00:00:36

Health: -4/20      AC:  3    Str: 10    XL:     3   Next: 82%
Magic:  5/5        EV: 12    Int: 13    God:
Gold:   49         SH:  0    Dex: 18    Spells: 2/2 levels left

rFire   . . .        Y - +0 shortbow
rCold   . . .        (shield currently unavailable)
rNeg    . . .        c - +0 leather armour
rPois   .            (no helmet)
rElec   .            (no cloak)
rCorr   .            (no gloves)
SInv    .            (no boots)
Will    .....        g - amulet of faith
Stlth   ++           (no ring)
HPRegen 0.23/turn    (no ring)
MPRegen 0.09/turn

%: faith
@: no status effects
A: no striking features
a: no special abilities


You were on level 3 of the Dungeon.
You visited 1 branch of the dungeon, and saw 3 of its levels.

You collected 107 gold pieces.
You spent 58 gold pieces at shops.


   Skills:
 - Level 1.5 Fighting
 + Level 7.3 Ranged Weapons
 - Level 2.4 Dodging
 - Level 1.2 Stealth


You had 2 spell levels left.
You didn't know any spells.
Your spell library was empty.

Inventory:

Hand Weapons
 Y - a +0 shortbow (weapon)
Armour
 c - a +0 leather armour (worn)
 k - a +0 ring mail
Jewellery
 g - an amulet of faith (around neck)
Scrolls
 d - a scroll of silence {unknown}
 h - a scroll of teleportation {unknown}
 i - a scroll of noise {unknown}
 j - a scroll of fog {unknown}
Potions
 a - a potion of brilliance {unknown}
 b - 2 potions of curing
 e - a potion of attraction {unknown}
 f - a potion of enlightenment

Dungeon Overview and Level Annotations

Branches:
Dungeon (3/15)

Altars:

Shops:
D:3 ([*


Message History

Enter note:
Enter note:
Found a stone staircase leading up.
Enter note:
Enter note:
Enter note:
Enter note:
Enter note:
Enter note:
k - a +0 ring mail
There is a stone staircase leading up here.
b - 2 potions of curing (gained 1)
An ogre comes into view. It is wielding a +0 giant club.
Found a robe, a dagger and 5 stones.
Enter note:
Enter note:
Enter note:
Enter note:
Enter note:
Enter note: You shoot an arrow.
The arrow hits the ogre.
The ogre is lightly wounded.
You shoot an arrow. The arrow barely misses the ogre.
You shoot an arrow. The arrow hits the ogre!
The ogre is moderately wounded.
You shoot an arrow. The arrow hits the ogre.
The ogre is heavily wounded.
You shoot an arrow. The arrow hits the ogre.
The ogre is severely wounded.
You shoot an arrow.
The arrow hits the ogre but does no damage.
The ogre is severely wounded.
You shoot an arrow. The arrow hits the ogre.
The ogre is severely wounded.
The ogre misses you.
You shoot an arrow. The arrow hits the ogre.
The ogre is almost dead.
The ogre hits you with a +0 giant club!!
Ouch! That really hurt!
You die...

. ### .. ..# .. #.# #.
#.# #.##.######### ####
#............# #...
####@#######.# #.##
#..O..# #.#####.#
..........# #.......#
....#.#.#..[.########.#
).# .......#... ##.## (
......... ## #.... ...
#.# #.# ##..## .... \.#
.# #. #...# #.##...##


You could see an ogre.

Vanquished Creatures
  An adder (D:3)
  A worm (D:3)
  A dart slug (D:1)
  5 ball pythons
  7 bats
  5 endoplasms
  4 goblins
  4 hobgoblins
  2 jackals (D:2)
  4 kobolds
  3 quokkas
  A frilled lizard (D:2)
  4 rats
42 creatures vanquished.

Notes
Turn   | Place    | Note
-------+----------+-------------------------------------------
     0 | D:1      | qw the Deep Elf Hunter began the quest for the Orb.
     0 | D:1      | Reached XP level 1. HP: 12/12 MP: 3/3
     0 | D:1      | 0 ||| qw: Version: 0.3-a-9-g12657ce
     0 | D:1      | 0 ||| qw: Game counter: 2876
     0 | D:1      | 0 ||| qw: Always use a shield: true
     0 | D:1      | 0 ||| qw: God list: Okawaru
     0 | D:1      | 0 ||| qw: Allow faded altars: false
     0 | D:1      | 0 ||| qw: Do Orc after D:15 true
     0 | D:1      | 0 ||| qw: Do second Lair branch before Depths: true
     0 | D:1      | 0 ||| qw: Lair rune preference: random
     0 | D:1      | 0 ||| qw: Plans: Normal
     0 | D:1      | 0 ||| PLANNING D:1-11
   215 | D:1      | Reached skill level 6 in Ranged Weapons
   215 | D:1      | Reached XP level 2. HP: 16/16 MP: 4/4
   651 | D:1      | Found a faded altar of an unknown god.
   876 | D:1      | 876 ||| UPGRADING to amulet of faith.
   881 | D:1      | 881 ||| READING scroll labelled TITZAC ALARY.
   882 | D:1      | 882 ||| READING scroll labelled UNTERR AQAOCKI.
   883 | D:1      | 883 ||| DROPPING scroll of butterflies.
  1032 | D:2      | Reached XP level 3. HP: 20/20 MP: 5/5
  1466 | D:2      | 1466 ||| READING scroll labelled VOAHAL GANOTZ.
  1467 | D:2      | 1467 ||| DRINKING 2 grey potions.
  1468 | D:2      | 1468 ||| DRINKING 2 cyan potions.
  1587 | D:3      | Found Ylaibilo's Weapon Boutique.
  1599 | D:3      | Reached skill level 7 in Ranged Weapons
  1865 | D:3      | Found Jyraxyl's Assorted Antiques.
  1877 | D:3      | 1877 ||| SHOPLISTING jewelled quicksilver dragon scales
                  | (1885 gold, have 107).
  1877 | D:3      | 1877 ||| SHOPLISTING scale mail (116 gold, have 107).
  1877 | D:3      | 1877 ||| BUYING scroll labelled GISASIAWUM (29 gold).
  1877 | D:3      | Bought a scroll labelled GISASIAWUM for 29 gold pieces
  1877 | D:3      | 1877 ||| BUYING scroll labelled OLLOTWY MIO (29 gold).
  1877 | D:3      | Bought a scroll labelled OLLOTWY MIO for 29 gold pieces
  1877 | D:3      | 1877 ||| SHOPLISTING scroll of identify (58 gold, have 49).
  1877 | D:3      | 1877 ||| SHOPLISTING twisted onyx ring (145 gold, have 49).
  1977 | D:3      | Found Watior's Armour Emporium.
  1977 | D:3      | Noticed an ogre
  1985 | D:3      | Slain by an ogre

Levels and vault maps discovered:
D:1:      saegor_arrival_miasma, layout_loops_corners,
          shapermc_ecumenical_altar_mp_urbaneastern
D:2:      layout_loops_ring, serial_glass, glass_columns_a, glass_columns_b,
          feat_on_display, due_unseen_surprise, feat_on_display
D:3:      layout_loops_ring, serial_shops, shop, shop, shop,
          wander_ebering_terrifying_dragon_lair

Skill      XL: |  1  2  3 |
---------------+----------+-----
Ranged Weapons | 6 7 |  7.3
Fighting       | |  1.5
Dodging        | |  2.4
Stealth        | |  1.2

Action                     || total
---------------------------++-------
   Fire: Shortbow          ||   124
    Use: Scroll            ||     3
         Potion            ||     2
 Armour: Leather armour    ||    13
  Dodge: Dodged            ||    23

Table legend:
 A = Non-vault XP
 B = Vault XP
 C = Vault XP percentage of total XP
 D = Non-vault monster count
 E = Vault monster count
 F = Vault count percentage of total count
                 A         B        C        D         E       F
            +---------+---------+-------+---------+---------+-------
      Total |      87 |       0 |   0.0 |      42 |       0 |   0.0
            +---------+---------+-------+---------+---------+-------
        D:1 |      27 |       0 |   0.0 |      14 |       0 |   0.0
        D:2 |      31 |       0 |   0.0 |      19 |       0 |   0.0
        D:3 |      29 |       0 |   0.0 |       9 |       0 |   0.0
            +---------+---------+-------+---------+---------+-------
